 Dungeon Crawl Stone Soup version bcrawl-1.38.3 (webtiles) character file.

Game seed: 307007988901011217

308663 MisterOstroum the Covert (level 11, 0/81 HPs)
             Began as a Gnoll Enchanter on June 11, 2023.
             Was a High Priest of Sif Muna.
             Shot with an arrow by a centaur warrior (15 damage)
             ... on level 11 of the Dungeon on June 12, 2023.
             The game lasted 00:34:51 (11203 turns).

MisterOstroum the Covert (Gnoll Enchanter)         Turns: 11203, Time: 00:34:51

Health: 0/81       AC:  5    Str: 10    XL:     11   Next: 36%
Magic:  21/23      EV: 18    Int: 21    God:    Sif Muna [*****.]
Gold:   1226       SH:  0    Dex: 16    Spells: 4/26 levels left

rFire    . . .     GDR:     32% a - +1 dagger
rCold    . . .     SeeInvis .   (no shield)
rNeg     . . .     Gourm    .   l - +0 robe
rPois    .         Faith    .   k - +2 helmet
rElec    .         Spirit   .   (no cloak)
rCorr    .         Reflect  .   (no gloves)
MR       .....                  (no boots)
Stlth    ++++......             (no amulet)
HPRegen  0.23/turn              K - +1 ring of evasion
MPRegen  0.18/turn              (no ring)

@: marked, studying Bows
A: distributed training, fangs 1, strong nose
a: Divine Energy, Channel Magic, Forget Spell, Moment of Magic, Renounce
Religion


You were on level 11 of the Dungeon.
You worshipped Sif Muna.
Sif Muna was extremely pleased with you.
You were near starving.

You visited 2 branches of the dungeon, and saw 12 of its levels.

You collected 1226 gold pieces.

Inventory:

Hand Weapons
 a - a +1 dagger (weapon)
 b - a +2 hunting sling of velocity
 H - a cursed +0 hand crossbow
 I - a +0 rapier
 N - a +0 fustibalus
 O - a +3 trident
Missiles
 c - 1676 arrows
 r - 66 poisoned needles
 u - 179 bolts
 v - 753 sling bullets
 y - 2336 stones
 J - 128 poisoned tomahawks (quivered)
 L - 217 javelins
Armour
 k - a +2 helmet (worn)
 l - a +0 robe (worn)
Jewellery
 K - a +1 ring of evasion (left hand)
Wands
 x - a wand of charming (6)
 M - a wand of acid (4)
Scrolls
 d - a scroll of fog {!r}
 g - a scroll of noise {unknown}
 h - 8 scrolls of teleportation
 i - 2 scrolls of identify {@r1}
 j - 11 scrolls of remove curse
 m - 2 scrolls of enchant weapon {unknown}
 o - a scroll of immolation {unknown}
 p - 3 scrolls of amnesia
 q - 2 scrolls of fear
 t - 3 scrolls of enchant armour
 w - a scroll of magic mapping {@r5 !r}
 P - 2 scrolls of brand weapon {unknown}
Potions
 f - a potion of invisibility
 n - a potion of heal wounds {@q2 !q}
 s - 3 potions of lignification {@q6 !q}
 z - a potion of resistance
 A - 4 potions of curing {@q1}
 B - 3 potions of mutation
 C - a potion of magic
 D - 4 potions of brilliance
 E - a potion of agility {@q5 !q}
 F - a potion of berserk rage
 G - a potion of haste {@q4 !q}
Comestibles
 e - 10 rations {!d}


   Skills:
 + Level 6.1 Fighting
 + Level 6.7 Short Blades
 + Level 6.1 Long Blades
 + Level 6.1 Axes
 + Level 6.1 Maces & Flails
 + Level 6.1 Polearms
 + Level 6.1 Staves
 + Level 6.1 Slings
 + Level 7.8 Bows
 + Level 6.1 Crossbows
 + Level 6.1 Throwing
 + Level 6.1 Armour
 + Level 7.7 Dodging
 + Level 9.1 Stealth
 + Level 6.1 Shields
 + Level 6.1 Unarmed Combat
 + Level 8.0 Spellcasting
 + Level 5.0 Conjurations
 + Level 7.5 Hexes
 + Level 5.0 Charms
 + Level 5.0 Summonings
 + Level 5.0 Necromancy
 + Level 5.0 Translocations
 + Level 5.0 Transmutations
 + Level 5.0 Fire Magic
 + Level 5.0 Ice Magic
 + Level 5.0 Air Magic
 + Level 5.0 Earth Magic
 + Level 5.0 Poison Magic
 + Level 6.7 Invocations
 + Level 6.1 Evocations


You had 4 spell levels left.
You knew the following spells:

 Your Spells              Type           Power        Failure   Level  Hunger
b - Ensorcelled Hibernat  Hex/Ice        #####.       1%          2    None
c - Confuse               Hex            #####...     1%          3    None
d - Tukima's Dance        Hex            #####...     1%          3    None
e - Cause Fear            Hex            #####.....   3%          4    ###....
f - Infusion              Chrm           ####....     1%          1    None
g - Irradiate             Conj/Tmut      ####......   26%         5    #####..
h - Fulminant Prism       Conj/Hex       #####.....   6%          4    ###....

Your spell library contained the following spells:

 Spells                   Type           Power        Failure   Level  Hunger
 Apportation              Tloc           ####..       1%          1    None
 Corona                   Hex            #####..      1%          1    None
 Magic Dart               Conj           ####         1%          1    None
 Sandblast                Erth           ####..       1%          1    None
 Slow                     Hex            #####...     1%          1    None
 Sting                    Conj/Pois      ####         1%          1    None
 Summon Butterflies       Summ           ####....     1%          1    None
 Blink                    Tloc           N/A          1%          2    None
 Call Imp                 Summ           ####..       1%          2    None
 Poisonous Vapours        Pois/Air       ####..       1%          2    None
 Dazzling Orbs            Conj/Hex       #####..      1%          3    None
 Beckoning                Tloc           ####......   3%          3    None
 Conjure Flame            Conj/Fire      ####....     3%          3    None
 Ignite Poison            Fire/Tmut/Pois ####....     3%          3    None
 Mephitic Cloud           Conj/Pois/Air  ####....     3%          3    None
 Portal Projectile        Tloc           ####..       3%          3    None
 Spider Form              Tmut/Pois      ###          3%          3    None
 Force Lance              Tloc           ####....     10%         4    ###....
 Olgreb's Toxic Radiance  Pois           ####.....    10%         4    ###....
 Summon Scorpions         Summ/Pois      ####....     10%         4    ###....
 Blade Hands              Tmut           ####......   26%         5    #####..
 Bolt of Draining         Conj/Necr      ####......   26%         5    #####..
 Venom Bolt               Conj/Pois      ####......   26%         5    #####..
 Aura of Abjuration       Summ           ####......   83%         6    ######.
 Bolt of Cold             Conj/Ice       ####......   83%         6    ######.
 Dispersal                Tloc           ####......   83%         6    ######.
 Iron Shot                Conj/Erth      ####......   83%         6    ######.
 Poison Arrow             Conj/Pois      ####......   83%         6    ######.
 Discord                  Hex            #####.....   97%         7    #######
 Controlled Blink         Tloc           ####....     100%        7    #######
 Dragon Form              Tmut           ####...      100%        7    #######
 Necromutation            Tmut/Necr      ####....     100%        8    #######


Dungeon Overview and Level Annotations

Branches:
Dungeon (11/12)            Temple (1/1) D:7            Lair (0/6) D:7
    Orc (0/1) D:8
 Vaults: D:11-12

Altars:
Ashenzari
Dithmenos
Fedhas
Gozag
Kikubaaqudgha
Ru
Sif Muna
Wu Jian
Zin

Shops:
D:6 [

Portals:
Bailey: D:11

Annotations:
D:6 exclusions: 3 orcs, 2 orc priests and 14 more exclusions


Innate Abilities, Weirdness & Mutations

Your experience applies equally to all skills.
You have very sharp teeth.
Your uncanny sense of smell can sniff out nearby items.


Message History

Okay, then.
Unknown command.
(D) Dungeon (T) Temple (L) Lair (O) Orcish Mines
Where to? (* - list waypoints, Enter - D:10, ? - help)
There is a stone staircase leading down here.
You climb downwards.
You hear the roar of battle.
There is an entrance to a bailey on this level.
Hurry and find it before the portal closes forever!
A rune on the stairs sparks and fizzles.
There is a stone staircase leading up here.
Key pressed, stopping travel.
No path to travel!
No path to travel!
No path to travel!
No path to travel!
As you read the scroll labeled KANAOKH AZIANG, it crumbles to dust.
You feel blessed for a moment.
It was a scroll of remove curse.
You start waiting.
You hear the faint creaking of a distant portcullis.
Casting: Confuse (safe; 1% risk of failure)
Confirm with . or Enter, or press ? or * to list all spells.
Aiming: Tukima's Dance (safe; 1% risk of failure)
Press: ? - help, Shift-Dir - straight line, f - you
Okay, then.
As you read the scroll labeled KALYVAI KYGUOH, it crumbles to dust.
It is a scroll of enchant armour.
Your +1 helmet glows green for a moment.
As you read the scroll labeled ULIETORGH PEYZ, it crumbles to dust.
You feel strangely unstable.
It was a scroll of teleportation.
As you read the scroll labeled HEMOIM VOTIB, it crumbles to dust.
It is a scroll of amnesia.
Forget Slow, freeing 1 spell level for a total of 4?
Your memory of Slow unravels.
As you read the scroll labeled POANORENOUSCH, it crumbles to dust.
You assume a fearsome visage.
Nothing appears to happen.
It was a scroll of fear.
As you read the scroll labeled IWOETT RONU, it crumbles to dust.
You feel aware of your surroundings.
You sensed 2 shops/portals.
It was a scroll of magic mapping.
Unknown command.
Unknown command.
You stop ascending the stairs.
Your surroundings suddenly seem different.
Really walk onto that alarm trap?
The alarm trap emits a blaring wail!
A sentinel's mark forms upon you.
You hear a shout!
You hear an angry hiss.
You hear a shout!
You hear a loud, deep croak!
You hear a shout! x8; You hear two shouts!
You hear a shout! x5; You hear an angry hiss.
You hear a shout! x3
You open the door.
You hear rumbling.
There is an open door here.
Found a flagged portal.
A harpy zombie comes into view.
A harpy zombie is nearby!
You hear rumbling.
The harpy zombie barely misses you. The harpy zombie claws you.
The harpy zombie closely misses you. The harpy zombie claws you.
The harpy zombie claws you! The harpy zombie completely misses you.
You hear rumbling.
The harpy zombie closely misses you.
The harpy zombie claws you but does no damage.
The harpy zombie claws you. The harpy zombie misses you.
Casting: Tukima's Dance (safe; 1% risk of failure)
Confirm with . or Enter, or press ? or * to list all spells.
Aiming: Confuse (safe; 1% risk of failure)
Press: ? - help, Shift-Dir - straight line, f - harpy zombie
Aim: a harpy zombie (chance to defeat MR: 74%)
The harpy zombie appears confused.
The harpy zombie claws you!
The harpy zombie misses you. x2; The harpy zombie claws you.
You hit the harpy zombie.
The harpy zombie is lightly damaged.
You hear rumbling.
You hit the harpy zombie.
The harpy zombie is lightly damaged.
The harpy zombie misses you. x2
You hit the harpy zombie.
The harpy zombie is lightly damaged.
You puncture the harpy zombie!
The harpy zombie is moderately damaged.
The harpy zombie claws you. x2
You catch the helpless harpy zombie completely off-guard!
You spit the harpy zombie like a pig!!!
You destroy the harpy zombie!
Sif Muna accepts your kill.
A centaur warrior comes into view.
A centaur comes into view.
The centaur warrior wields a +0 shortbow.
The centaur warrior shoots an arrow.
The arrow closely misses you.
You hear rumbling.
The centaur warrior shoots an arrow.
The arrow hits you!
The centaur warrior shoots an arrow.
The arrow hits you!
* * * LOW HITPOINT WARNING * * *
There is a flagged portal, spattered with blood here.
The centaur warrior shoots an arrow.
The arrow hits you!
You die...

#.#,#c#.# #.#.#c8.# #.#.#.#.#
#.#(8.#.# #.#.#.#.#
****########.#.#.8.#******** **
,,,,.........#.#.#.#∆,,,,,,*****,
,,,,...#######.8.#.#******,*,,,,,
,,,,,,,+,,,,,#.#@#,#,,,,,,,+,,,,,
,,,,,,,******#.#8#∆*****,,,*,,,,,
,,,,,,,* #,###,* *,,,*,,,,,
,,,,,,,* *,,,,,* *,,,*,,,,,
+******* *,,,,** ***,*,,,,, ,*
*,,,,* *,,,,,,, ** ********,,,,*
**,,,,,, ***** *,,,,,,,,,,∆*
*,,,,,, ,,,,***,,,,,,,,,,,*
*,,,,,,


You could see a centaur warrior.

Vanquished Creatures
  A two-headed ogre (D:5)
  2 wolf spider zombies
  Pikel (D:4)
  2 ugly things
  2 komodo dragons
  An eye of draining (D:10)
  A harpy zombie (D:11)
  Grinder (D:3)
  A meliai zombie (D:10)
  A dancing weapon (D:5)
  3 wargs
  Menkaure (D:5)
  A sky beast (D:5)
  3 orc warriors
  An ice beast (D:5)
  5 ogres
  A phantom (D:5)
  A cane toad skeleton (D:10)
  A kobold brigand (D:10)
  Blork the orc (D:6)
  5 bullfrogs
  5 centaurs
  A water moccasin zombie (D:7)
  6 scorpions
  5 jellies
  11 orc priests
  A howler monkey (D:6)
  4 crimson imps
  2 quasits
  10 hounds
  8 orc wizards
  2 bullfrog skeletons
  4 worker ants
  A howler monkey zombie (D:7)
  10 adders
  A howler monkey skeleton (D:6)
  7 gnolls
  5 shadow imps
  2 oozes
  3 adder zombies
  2 adder skeletons (D:4)
  2 worms
  2 dart slugs
  6 leopard geckos
  40 orcs
  A ball python (D:1)
  7 bats
  2 giant cockroaches
  4 goblins
  13 hobgoblins
  26 jackals
  19 kobolds
  2 quokkas (D:2)
  6 frilled lizards
  5 rats
261 creatures vanquished.

Vanquished Creatures (collateral kills)
  An orc warrior (D:6)
  5 orcs
6 creatures vanquished.

Vanquished Creatures (others)
  A dancing weapon (D:4)
1 creature vanquished.

Grand Total: 268 creatures vanquished

Notes
Turn   | Place    | Note
-------+----------+-------------------------------------------
     0 | D:1      | MisterOstroum the Gnoll Enchanter began the quest for the
                  | Orb.
     0 | D:1      | Reached XP level 1. HP: 13/13 MP: 6/6
   108 | D:1      | Reached XP level 2. HP: 19/19 MP: 7/7
   130 | D:1      | Learned a level 2 spell: Ensorcelled Hibernation
   409 | D:1      | Reached XP level 3. HP: 22/25 MP: 9/9
   417 | D:1      | Reached skill level 5 in Spellcasting
   925 | D:2      | Reached skill level 1 in Invocations
  1121 | D:2      | Reached skill level 1 in Fighting
  1121 | D:2      | Reached skill level 1 in Long Blades
  1121 | D:2      | Reached skill level 1 in Axes
  1121 | D:2      | Reached skill level 1 in Maces & Flails
  1121 | D:2      | Reached skill level 1 in Polearms
  1121 | D:2      | Reached skill level 1 in Staves
  1121 | D:2      | Reached skill level 1 in Slings
  1121 | D:2      | Reached skill level 1 in Bows
  1121 | D:2      | Reached skill level 1 in Crossbows
  1121 | D:2      | Reached skill level 1 in Throwing
  1121 | D:2      | Reached skill level 1 in Armour
  1121 | D:2      | Reached skill level 1 in Shields
  1121 | D:2      | Reached skill level 1 in Unarmed Combat
  1121 | D:2      | Reached skill level 1 in Evocations
  1194 | D:2      | Reached XP level 4. HP: 29/32 MP: 6/11
  1500 | D:2      | Found a glowing silver altar of Zin.
  1500 | D:2      | Noticed an angel
  1775 | D:2      | Found a shimmering blue altar of Sif Muna.
  1781 | D:2      | Became a worshipper of Sif Muna the Loreminder
  1858 | D:3      | Reached skill level 1 in Conjurations
  1858 | D:3      | Reached skill level 1 in Charms
  1858 | D:3      | Reached skill level 1 in Summonings
  1858 | D:3      | Reached skill level 1 in Necromancy
  1858 | D:3      | Reached skill level 1 in Translocations
  1858 | D:3      | Reached skill level 1 in Transmutations
  1858 | D:3      | Reached skill level 1 in Fire Magic
  1858 | D:3      | Reached skill level 1 in Ice Magic
  1858 | D:3      | Reached skill level 1 in Air Magic
  1858 | D:3      | Reached skill level 1 in Earth Magic
  1858 | D:3      | Reached skill level 1 in Poison Magic
  2051 | D:3      | Reached XP level 5. HP: 25/37 MP: 4/12
  2168 | D:3      | Noticed Grinder
  2224 | D:2      | Learned a level 3 spell: Confuse
  2228 | D:2      | Learned a level 3 spell: Tukima's Dance
  2233 | D:2      | Learned a level 4 spell: Cause Fear
  2261 | D:3      | Killed Grinder
  2262 | D:3      | Reached skill level 5 in Dodging
  2262 | D:3      | Reached XP level 6. HP: 37/44 MP: 8/14
  2622 | D:4      | Reached * piety under Sif Muna
  2673 | D:4      | Noticed a slave
  2673 | D:4      | Noticed a slave
  2691 | D:4      | Noticed Pikel
  2691 | D:4      | Noticed a slave
  2825 | D:4      | Reached XP level 7. HP: 50/50 MP: 10/15
  2973 | D:4      | Reached skill level 7 in Stealth
  3064 | D:4      | Found a shadowy altar of Dithmenos.
  3269 | D:4      | Found an opulent altar of Gozag.
  3433 | D:4      | Killed Pikel
  3434 | D:4      | Reached ** piety under Sif Muna
  3434 | D:4      | Received a gift from Sif Muna
  3434 | D:4      | Reached XP level 8. HP: 52/58 MP: 4/17
  3577 | D:5      | Entered Level 5 of the Dungeon
  3577 | D:5      | Found a glowing silver altar of Zin.
  3647 | D:5      | Found a shattered altar of Ashenzari.
  3806 | D:5      | Noticed Menkaure
  3815 | D:5      | Killed Menkaure
  3843 | D:5      | Reached XP level 9. HP: 55/65 MP: 6/18
  4076 | D:5      | Noticed a two-headed ogre
  4540 | D:5      | Killed a two-headed ogre
  4541 | D:5      | Reached *** piety under Sif Muna
  4541 | D:5      | Reached skill level 5 in Short Blades
  4802 | D:6      | Reached skill level 8 in Stealth
  5029 | D:6      | Reached skill level 5 in Bows
  5133 | D:6      | Reached skill level 5 in Invocations
  5581 | D:6      | Found Doikuep's Antique Armour Emporium.
  5640 | D:6      | Reached XP level 10. HP: 65/73 MP: 17/20
  5660 | D:6      | Noticed Blork the orc
  5667 | D:6      | Killed Blork the orc
  5676 | D:6      | Reached **** piety under Sif Muna
  6599 | D:7      | Reached skill level 5 in Fighting
  6599 | D:7      | Reached skill level 5 in Long Blades
  6599 | D:7      | Reached skill level 5 in Axes
  6599 | D:7      | Reached skill level 5 in Maces & Flails
  6599 | D:7      | Reached skill level 5 in Polearms
  6599 | D:7      | Reached skill level 5 in Staves
  6599 | D:7      | Reached skill level 5 in Slings
  6599 | D:7      | Reached skill level 5 in Crossbows
  6599 | D:7      | Reached skill level 5 in Throwing
  6599 | D:7      | Reached skill level 5 in Armour
  6599 | D:7      | Reached skill level 5 in Shields
  6599 | D:7      | Reached skill level 5 in Unarmed Combat
  6599 | D:7      | Reached skill level 5 in Evocations
  6707 | D:7      | Found a staircase to the Ecumenical Temple.
  7057 | Temple   | Entered the Ecumenical Temple
  7425 | D:7      | Found a staircase to the Lair.
  7647 | D:7      | Found an opulent altar of Gozag.
  8148 | D:8      | Identified Felod's Catalogue of the Ageless Friends (Sif
                  | Muna gifted it to you on level 8 of the Dungeon)
  8148 | D:8      | Received a gift from Sif Muna
  8159 | D:8      | Learned a level 1 spell: Infusion
  8165 | D:8      | Learned a level 5 spell: Irradiate
  8170 | D:8      | Learned a level 4 spell: Fulminant Prism
  8323 | D:8      | Found a staircase to the Orcish Mines.
  8532 | D:8      | Found an ancient bone altar of Kikubaaqudgha.
  9019 | D:8      | Found a sacrificial altar of Ru.
  9037 | D:8      | Found an ornate altar of the Wu Jian Council.
  9808 | D:9      | Noticed a white ugly thing
  9837 | D:9      | Killed a white ugly thing
  9838 | D:9      | Reached ***** piety under Sif Muna
  9838 | D:9      | Reached XP level 11. HP: 81/81 MP: 19/22
  9853 | D:9      | Found a blossoming altar of Fedhas.
 10261 | D:10     | Entered Level 10 of the Dungeon
 10865 | D:10     | Reached skill level 9 in Stealth
 10874 | D:10     | Reached skill level 5 in Conjurations
 10874 | D:10     | Reached skill level 5 in Charms
 10874 | D:10     | Reached skill level 5 in Summonings
 10874 | D:10     | Reached skill level 5 in Necromancy
 10874 | D:10     | Reached skill level 5 in Translocations
 10874 | D:10     | Reached skill level 5 in Transmutations
 10874 | D:10     | Reached skill level 5 in Fire Magic
 10874 | D:10     | Reached skill level 5 in Ice Magic
 10874 | D:10     | Reached skill level 5 in Air Magic
 10874 | D:10     | Reached skill level 5 in Earth Magic
 10874 | D:10     | Reached skill level 5 in Poison Magic
 10974 | D:10     | Noticed a cyan ugly thing
 10983 | D:10     | Killed a cyan ugly thing
 11187 | D:11     | Found a flagged portal.
 11199 | D:11     | Noticed a centaur warrior
 11203 | D:11     | Shot with an arrow by a centaur warrior

Skill      XL: |  1  2  3  4  5  6  7  8  9 10 11 |
---------------+----------------------------------+-----
Spellcasting   | 5 6 7 8 |  8.0
Invocations    | 1 2 3 4 5 6 |  6.7
Fighting       | 1 2 3 4 5 6 |  6.1
Long Blades    | 1 2 3 4 5 6 |  6.1
Axes           | 1 2 3 4 5 6 |  6.1
Maces & Flails | 1 2 3 4 5 6 |  6.1
Polearms       | 1 2 3 4 5 6 |  6.1
Staves         | 1 2 3 4 5 6 |  6.1
Slings         | 1 2 3 4 5 6 |  6.1
Bows           | 1 2 3 5 7 |  7.8
Crossbows      | 1 2 3 4 5 6 |  6.1
Throwing       | 1 2 3 4 5 6 |  6.1
Armour         | 1 2 3 4 5 6 |  6.1
Shields        | 1 2 3 4 5 6 |  6.1
Unarmed Combat | 1 2 3 4 5 6 |  6.1
Evocations     | 1 2 3 4 5 6 |  6.1
Conjurations   | 1 2 3 4 5 |  5.0
Charms         | 1 2 3 4 5 |  5.0
Summonings     | 1 2 3 4 5 |  5.0
Necromancy     | 1 2 3 4 5 |  5.0
Translocations | 1 2 3 4 5 |  5.0
Transmutations | 1 2 3 4 5 |  5.0
Fire Magic     | 1 2 3 4 5 |  5.0
Ice Magic      | 1 2 3 4 5 |  5.0
Air Magic      | 1 2 3 4 5 |  5.0
Earth Magic    | 1 2 3 4 5 |  5.0
Poison Magic   | 1 2 3 4 5 |  5.0
Short Blades   | 3 4 5 6 |  6.7
Dodging        | 5 6 7 |  7.7
Stealth        | 7 8 9 |  9.1
Hexes          | 6 7 |  7.5

Action                   |  1- 3 |  4- 6 |  7- 9 | 10-12 || total
-------------------------+-------+-------+-------+-------++-------
Melee: Dagger            |   115 |    90 |   138 |   211 ||   554
       Bite              |     6 |     7 |     9 |    14 ||    36
       Punch             |       |     1 |     1 |     6 ||     8
       Unarmed           |       |       |       |     1 ||     1
 Fire: Hunting sling     |       |     3 |   110 |   139 ||   252
Throw: Stone             |     9 |    22 |     3 |    12 ||    46
       Tomahawk          |       |       |       |     6 ||     6
       Javelin           |       |       |       |     2 ||     2
 Cast: Ensorcelled Hiber |     9 |    37 |    63 |    53 ||   162
       Confuse           |       |     2 |    35 |    59 ||    96
       Tukima's Dance    |       |       |     7 |    12 ||    19
Invok: Divine Energy     |       |     1 |       |       ||     1
  Use: Scroll            |     2 |       |       |    14 ||    16
       Potion            |       |       |       |     1 ||     1
 Stab: Sleeping          |    21 |    37 |    39 |    46 ||   143
       Distracted        |     1 |       |     1 |       ||     2
       Confused          |       |     2 |    10 |    21 ||    33
  Eat: Chunk             |     4 |     9 |    18 |    22 ||    53
       Ration            |       |       |       |     1 ||     1
Armor: Robe              |    14 |    18 |    20 |    27 ||    79
       Skin              |       |       |       |     2 ||     2
Dodge: Dodged            |    66 |    62 |    75 |   179 ||   382
